 Dungeon Sprint DCSS version 0.28.0-53-g5a82cb258f (webtiles) character file.

Game seed: 570755054834637949

4 Zeld the Insei (level 1, -2/13 HPs)
             Began as an Octopode Transmuter on June 10, 2022.
             Splashed by a jelly's acid (10 damage)
             ... in the Dungeon (Sprint IX: "|||||||||||||||||||||||||||||").
             The game lasted 00:00:08 (283 turns).

Zeld the Insei (Octopode Transmuter)                 Turns: 283, Time: 00:00:09

Health: -2/13      AC:  1    Str:  9    XL:     1   Next: 70%
Magic:  2/4        EV: 13    Int: 15    God:
Gold:   0          SH:  0    Dex: 12    Spells: 4/5 levels left

rFire   . . .      SeeInvis .     - Unarmed
rCold   . . .      Faith    .   (no shield)
rNeg    . . .      Spirit   .   (helmet currently unavailable)
rPois   .          Reflect  .   (no amulet)
rElec   .          Harm     .   (no ring)
rCorr   .          Rampage  .   (no ring)
Will    .....      NoTele   +   (no ring)
Stlth   ++........              (no ring)
HPRegen 0.04/turn               (no ring)
MPRegen 0.09/turn               (no ring)
                                (no ring)
                                (no ring)

@: appendages, very slightly contaminated
A: tentacle spike 3, almost no armour, amphibious, 8 rings, camouflage 1,
gelatinous body 1, (nimble swimmer 1), tentacles
a: End Transformation


You were in the Dungeon.
One of your tentacles had grown a beastly spike.
You visited 1 branch

Inventory:

Scrolls
 f - a scroll of blinking
Potions
 a - a potion of curing
 b - a potion of heal wounds
 c - a potion of haste
 d - 2 potions of magic
 e - a potion of berserk rage


   Skills:
 + Level 1.5 Fighting
 - Level 2.0 Dodging
 + Level 3.2 Unarmed Combat
 * Level 2.6 Spellcasting
 * Level 2.7 Transmutations


You had 4 spell levels left.
You knew the following spells:

 Your Spells              Type           Power      Damage    Failure   Level
a - Beastly Appendage     Tmut           20%        N/A       7%          1

Your spell library contained the following spells:

 Spells                   Type           Power      Damage    Failure   Level
 Wereblood                Tmut           10%        N/A       11%         2
 Spider Form              Tmut/Pois      6%         N/A       34%         3
 Ice Form                 Ice/Tmut       6%         N/A       75%         4


Dungeon Overview and Level Annotations

Branches:
Dungeon (1/1)

Altars:


Innate Abilities, Weirdness & Mutations

One of your tentacles has grown a beastly spike.
You cannot wear most types of armour.
You are amphibious.
You can wear up to eight rings at the same time.
Your skin changes colour to match your surroundings (Stealth+).
Your rubbery body absorbs attacks. (AC +1, EV +1)
((You are camouflaged when in or above water. (Stealth+)))
You have tentacles for arms and can constrict up to eight enemies at once.


Message History

The bat hits you but does no damage. The bat closely misses you.
Things that are here:
a +0 whip; 2 stones You barely miss the bat.
You grab the bat.
Your tentacle-slap misses the bat.
You squeeze the bat.
You kill the bat!
You see here a bat corpse.
You start resting.
Your tentacle spike disappears.
Magic restored.
You start resting.
You start resting.
HP restored.
You start waiting.
You start waiting.
Done waiting.
Casting: Beastly Appendage (safe; 7% risk of failure)
Confirm with . or Enter, or press ? or * to list all spells.
You miscast Beastly Appendage.
You are very lightly contaminated with residual magic.
Nothing appears to happen.
Unknown command.
Casting: Beastly Appendage (safe; 7% risk of failure)
Confirm with . or Enter, or press ? or * to list all spells.
One of your tentacles grows a vicious spike.
You open the door.
A quokka skeleton, an adder, a hound, an orc and a jelly come into view.
The jelly quivers.
The jelly closely misses you.
There is an open door here.
You tentacle-slap the jelly but do no damage.
Your tentacles burn!
The orc shouts!
The jelly barely misses you.
The hound barks!
You tentacle-slap the jelly.
Your tentacles burn!
You pierce the jelly.
You squeeze the jelly.
The jelly is heavily wounded.
The jelly hits you.
You are splashed with acid!
Ouch! That really hurt!
You die... ▓▓▓▓▓▓▓▓▓▓▓▓▓▓▓▓▓▓ +ZShoJ@÷).)÷'...<▓ ▓▓▓▓▓▓▓▓▓▓▓▓▓▓▓▓▓▓

You could see a hound, a jelly, an adder, an orc and a quokka skeleton.

Vanquished Creatures
  A goblin (D)
  A kobold (D)
  2 bats (D)
  A rat (D)
5 creatures vanquished.

Notes
Turn   | Place    | Note
-------+----------+-------------------------------------------
     0 | D        | Zeld the Octopode Transmuter began the quest for the Orb.
     0 | D        | Reached XP level 1. HP: 13/13 MP: 3/3
   280 | D        | Noticed a hound
   280 | D        | Noticed a jelly
   283 | D        | Splashed by a jelly's acid

Illustrated notes

Levels and vault maps discovered:
D:        linesprint [early_d, line_temple, items_1, d_10, items_2, lair_1,
          lair_end, items_3, orc_1, orc_end, items_4, d_15, swamp_1, shoals_1,
          snake_1, spider_1, d_20, vaults_1, items_5, swamp_end, shoals_end,
          snake_end, spider_end, vaults_end, d_27, items_6, zot_1, zot_end,
          crypt_end, forest_end, elf_end, slime_end, tomb_end, abyss_end,
          pan_hell_end]

Action                   || total
-------------------------++-------
Melee: Unarmed           ||     8
       Constrict         ||     3
       Kick              ||     3
       Tentacles         ||     2
 Cast: Beastly Appendage ||     2
 Stab: Sleeping          ||     2
Armor: Skin              ||     2
Dodge: Dodged            ||     5
